 Dungeon Sprint DCSS version 0.30-a0-49-g1cef19eb02 (webtiles) character file.

Game seed: 15446183313602701803

128 rocky1 the Digger (level 5, -3/36 HPs)
             Began as an Octopode Earth Elementalist on Sept 3, 2022.
             Was a Priest of Sif Muna.
             Slain by a black bear (7 damage)
             ... in the Dungeon (Sprint VII: "The Pits").
             The game lasted 00:04:20 (670 turns).

rocky1 the Digger (Octopode Earth Elementalist)      Turns: 670, Time: 00:04:21

Health: -3/36      AC:  1    Str:  7    XL:     5   Next: 11%
Magic:  4/11       EV: 14    Int: 20    God:    Sif Muna [***...]
Gold:   0          SH:  0    Dex: 12    Spells: 4/12 levels left

rFire   . . .      SeeInvis .    k - +2 quarterstaff (protect)
rCold   . . .      Faith    .    (shield currently unavailable)
rNeg    . . .      Spirit   .    (helmet restricted)
rPois   .          Reflect  .    (no amulet)
rElec   .          Harm     .    (no ring)
rCorr   .          Rampage  .    (no ring)
Will    .....      NoTele   +    (no ring)
Stlth   +++.......               (no ring)
HPRegen 0.12/turn                (no ring)
MPRegen 0.12/turn                (no ring)
                                 (no ring)
                                 (no ring)

@: no status effects
A: almost no armour, amphibious, 8 rings, camouflage 1, gelatinous body 1,
(nimble swimmer 1), tentacles
a: Renounce Religion, Channel Magic, Forget Spell


You were in the Dungeon.
You worshipped Sif Muna.
Sif Muna was most pleased with you.
You visited 1 branch

Inventory:

Hand Weapons
 i - a +2 quarterstaff
 k - a +2 quarterstaff of protection (weapon)
Scrolls
 f - a scroll of blinking
 g - 5 scrolls of amnesia
 h - a scroll of summoning
Potions
 a - 5 potions of magic
 b - 6 potions of curing
 c - 2 potions of invisibility
 d - a potion of haste
 e - 3 potions of berserk rage
 j - 5 potions of heal wounds


   Skills:
 + Level 3.5 Fighting
 + Level 4.3 Dodging
 + Level 3.5 Stealth
 + Level 4.2 Spellcasting
 + Level 1.5 Conjurations
 + Level 2.2 Transmutations
 + Level 6.3 Earth Magic
 + Level 1.7 Invocations


You had 4 spell levels left.
You knew the following spells:

 Your Spells              Type           Power      Damage    Failure   Level
a - Sandblast             Erth           58%        2d13      1%          1
b - Stone Arrow           Conj/Erth      40%        3d9       8%          3
c - Petrify               Tmut/Erth      21%        N/A       22%         4

Your spell library contained the following spells:

 Spells                   Type           Power      Damage    Failure   Level
 Passwall                 Tmut/Erth      17%        N/A       3%          2


Dungeon Overview and Level Annotations

Branches:
Dungeon (1/1)

Altars:
Ashenzari
Cheibriados
Dithmenos
Elyvilon
Fedhas
Gozag
Hepliaklqana
Kikubaaqudgha
Makhleb
Nemelex Xobeh
Okawaru
Qazlal
Ru
Sif Muna
Trog
Uskayaw
Vehumet
Wu Jian
Xom
Yredelemnul
Zin
The Shining One
Jiyva
Lugonu


Innate Abilities, Weirdness & Mutations

You cannot wear most types of armour.
You are amphibious.
You can wear up to eight rings at the same time.
Your skin changes colour to match your surroundings (Stealth+).
Your rubbery body absorbs attacks. (AC +1, EV +1)
((You are camouflaged when in or above water. (Stealth+)))
You have tentacles for arms and can constrict up to eight enemies at once.


Message History

Confirm with . or Enter, or press ? or * to list all spells.
Aiming: Sandblast (safe; 1% risk of failure)
Press: ? - help, Shift-Dir - straight line, f - black bear
Aim: a black bear (87% to hit)
The blast of sand misses the black bear.
The black bear closely misses you. The black bear barely misses you.
The black bear claws you.
Unknown command.
Casting: Sandblast (safe; 1% risk of failure)
Confirm with . or Enter, or press ? or * to list all spells.
Aiming: Sandblast (safe; 1% risk of failure)
Press: ? - help, Shift-Dir - straight line, f/p - black bear
Aim: a black bear (87% to hit)
The blast of sand hits the black bear!
The black bear is moderately wounded.
The black bear bites you!
The black bear claws you but does no damage.
The black bear closely misses you. x2; The black bear claws you. x2
Casting: Sandblast (safe; 1% risk of failure)
Confirm with . or Enter, or press ? or * to list all spells.
Aiming: Sandblast (safe; 1% risk of failure)
Press: ? - help, Shift-Dir - straight line, f/p - black bear
Aim: a black bear (moderately wounded, 87% to hit)
The blast of sand hits the black bear!
The black bear is almost dead.
The black bear goes berserk!
A jackal comes into view.
Casting: Sandblast (safe; 1% risk of failure)
Confirm with . or Enter, or press ? or * to list all spells.
Aiming: Sandblast (safe; 1% risk of failure)
Press: ? - help, Shift-Dir - straight line, f/p - black bear
Aim: a black bear (almost dead, berserk, 87% to hit)
The blast of sand hits the black bear.
The black bear is almost dead.
The black bear closely misses you.
The black bear claws you but does no damage.
The black bear claws you. The black bear bites you!
* * * LOW HITPOINT WARNING * * *
The black bear claws you!
You die...

#.?(.')))'.##.....
##########.##.....
#...........'.....
#'#####'#####.....
#.#...#)#[[##.....
#.#..)#.#))#####'#
#.#..††.#.)##.....
#.##'####))##.....
#@#....)#..##.....
#h#.....#'###...<.
#.#........##.....
#.#........##.....
#h###########.....
#.......# ######
#..###..# #...
##.##


You could see a black bear (berserk) and a jackal.

Vanquished Creatures
  A scorpion (D)
  A jelly (D)
  A mummy (D)
  A gnoll (D)
  A river rat (D)
  An ufetubus (D)
  2 bats (D)
  A jackal (D)
  A ball python (D)
  A goblin (D)
  A kobold (D)
12 creatures vanquished.

Notes
Turn   | Place    | Note
-------+----------+-------------------------------------------
     0 | D        | rocky1 the Octopode Earth Elementalist began the quest for
                  | the Orb.
     0 | D        | Reached XP level 1. HP: 11/11 MP: 3/3
    23 | D        | Found a bloodstained altar of Trog.
    23 | D        | Found a shimmering blue altar of Sif Muna.
    23 | D        | Found a viscous altar of Jiyva.
    23 | D        | Found a hazy altar of Hepliaklqana.
    23 | D        | Found an opulent altar of Gozag.
    24 | D        | Found a glowing golden altar of the Shining One.
    24 | D        | Found a glowing silver altar of Zin.
    24 | D        | Found a basalt altar of Yredelemnul.
    24 | D        | Found a shimmering altar of Xom.
    24 | D        | Found an ornate altar of the Wu Jian Council.
    24 | D        | Found a sacrificial altar of Ru.
    24 | D        | Found a stormy altar of Qazlal.
    24 | D        | Found an iron altar of Okawaru.
    24 | D        | Found a sparkling altar of Nemelex Xobeh.
    24 | D        | Found a burning altar of Makhleb.
    24 | D        | Found a blossoming altar of Fedhas.
    24 | D        | Found a white marble altar of Elyvilon.
    24 | D        | Found a shadowy altar of Dithmenos.
    24 | D        | Found a snail-covered altar of Cheibriados.
    27 | D        | Found a corrupted altar of Lugonu.
    27 | D        | Found a radiant altar of Vehumet.
    28 | D        | Found an ancient bone altar of Kikubaaqudgha.
    28 | D        | Found a hide-covered altar of Uskayaw.
    28 | D        | Found a broken altar of Ashenzari.
    31 | D        | Became a worshipper of Sif Muna the Loreminder
   106 | D        | Reached skill level 4 in Earth Magic
   106 | D        | Reached XP level 2. HP: 15/17 MP: 3/5
   110 | D        | Noticed a scorpion
   111 | D        | Reached * piety under Sif Muna
   112 | D        | Reached skill level 1 in Fighting
   118 | D        | Killed a scorpion
   119 | D        | Reached skill level 6 in Earth Magic
   119 | D        | Reached XP level 3. HP: 7/25 MP: 1/8
   119 | D        | Reached XP level 4. HP: 9/30 MP: 1/9
   413 | D        | Learned a level 3 spell: Stone Arrow
   425 | D        | Reached ** piety under Sif Muna
   518 | D        | Learned a level 4 spell: Petrify
   629 | D        | Reached skill level 1 in Conjurations
   629 | D        | Reached skill level 1 in Invocations
   661 | D        | Reached *** piety under Sif Muna
   661 | D        | Noticed a black bear
   662 | D        | Reached XP level 5. HP: 36/36 MP: 8/11
   670 | D        | Slain by a black bear

Illustrated notes

Levels and vault maps discovered:
D:        pitsprint [storerooms_1, entrance_room_1, metal_vault_3, armoury_2,
          mini_pit_1, grid_room_1, main_hall_1, silver_pit, the_coven_1,
          the_vestibule_1, steel_vault_4, golden_pit, hallway_of_sentries,
          crystal_vault_3, iron_vault_4, final_vault]

Skill      XL: |  1  2  3  4 |
---------------+-------------+-----
Stealth        | 3 |  3.5
Earth Magic    | 4 6 |  6.3
Fighting       | 2 3 |  3.5
Dodging        | 3 4 |  4.3
Spellcasting   | 3 4 |  4.2
Conjurations   | 1 |  1.5
Invocations    | 1 |  1.7
Transmutations | 2 |  2.2

Action                   |  1- 3 |  4- 6 || total
-------------------------+-------+-------++-------
Melee: Unarmed           |     2 |       ||     2
       Quarterstaff      |     6 |     5 ||    11
       Tentacles         |     1 |     1 ||     2
       Constrict         |     1 |     2 ||     3
 Cast: Sandblast         |     6 |    14 ||    20
  Use: Potion            |     1 |       ||     1
 Stab: Sleeping          |       |     1 ||     1
Armor: Skin              |     5 |     3 ||     8
Dodge: Dodged            |    13 |    13 ||    26

Table legend: (Time is in decaauts)
 A = Elapsed time spent in this place.
 B = Non-inter-level travel time spent in this place.
 C = Inter-level travel time spent in this place.
 D = Time resting spent in this place.
 E = Time spent auto-exploring this place.
 F = Levels seen in this place.
 G = Mean time per level.
                   A        B        C        D        E       F      G
               +--------+--------+--------+--------+--------+-----+--------+
         Total |    681 |    662 |     19 |    480 |      0 |   1 |  681.0 |
       Dungeon |    681 |    662 |     19 |    480 |      0 |   1 |  681.0 |
               +--------+--------+--------+--------+--------+-----+--------+

Top non-repeatable levels by time:
       D: 681 daAuts
